 Dungeon Crawl Stone Soup version 0.29-a0-284-gf9362112df (webtiles) character file.

Game seed: 14886028040861915186

84 avis the Skirmisher (level 4, -5/42 HPs)
             Began as a Hill Orc Monk on Mar 20, 2022.
             Slain by an orc
             ... wielding a +0 short sword
              (8 damage)
             ... on level 3 of the Dungeon.
             The game lasted 00:08:49 (2433 turns).

avis the Skirmisher (Hill Orc Monk)                 Turns: 2433, Time: 00:08:49

Health: -5/42      AC:  4    Str: 13    XL:     4   Next: 46%
Magic:  4/4        EV: 13    Int: 12    God:
Gold:   71         SH:  0    Dex: 19    Spells: 3/3 levels left

rFire   . . .      SeeInvis .   a - +3 dagger (drain)
rCold   . . .      Faith    .   (no shield)
rNeg    + . .      Spirit   .   w - +0 leather armour
rPois   .          Reflect  .   (no helmet)
rElec   .          Harm     .   (no cloak)
rCorr   .          Rampage  .   m - +0 pair of gloves
Will    .....                   (no boots)
Stlth   ++........              s - amulet of regeneration
HPRegen 0.94/turn               t - +6 ring of dexterity
MPRegen 0.09/turn               u - ring of positive energy

@: no status effects
A: no striking features
a: no special abilities


You were on level 3 of the Dungeon.
You visited 1 branch of the dungeon, and saw 3 of its levels.

You collected 71 gold pieces.

Inventory:

Hand Weapons
 a - a +3 dagger of draining (weapon)
Missiles
 d - 3 atropa-tipped darts (quivered)
 h - 40 stones
 p - 2 boomerangs
Armour
 g - a +0 robe
 m - a +0 pair of gloves (worn)
 w - a +0 leather armour (worn)
Jewellery
 s - an amulet of regeneration (around neck)
 t - a +6 ring of dexterity (left hand)
 u - a ring of positive energy (right hand)
Scrolls
 c - a scroll of enchant armour {unknown}
 f - a scroll of noise {unknown}
 i - 4 scrolls of identify {unknown}
 k - a scroll of magic mapping {unknown}
 l - a scroll of blinking {unknown}
 n - a scroll of immolation {unknown}
 r - 2 scrolls of teleportation {unknown}
Potions
 b - a potion of ambrosia
 e - a potion of invisibility {unknown}
 j - a potion of degeneration {unknown}
 o - 2 potions of haste {unknown}
 q - a potion of might {unknown}
 v - a potion of resistance {unknown}


   Skills:
 - Level 5.0 Fighting
 * Level 3.0 Dodging
 - Level 1.5 Stealth
 - Level 4.0 Unarmed Combat


You had 3 spell levels left.
You didn't know any spells.
Your spell library contained the following spells:

 Spells                   Type           Power      Damage    Failure   Level
 Magic Dart               Conj           0%         1d3       38%         1
 Call Imp                 Summ           0%         N/A       54%         2
 Static Discharge         Conj/Air       0%         N/A       54%         2
 Mephitic Cloud           Conj/Pois/Air  0%         N/A       77%         3
 Dispel Undead            Necr           0%         3d6       99%         4
 Sticky Flame             Conj/Fire      0%         2d3       99%         4
 Summon Forest            Summ/Tloc      0%         N/A       100%        5
 Summon Mana Viper        Hex/Summ       0%         N/A       100%        5
 Summon Cactus Giant      Summ           0%         N/A       100%        6


Dungeon Overview and Level Annotations

Branches:
Dungeon (3/15)

Altars:
Kikubaaqudgha

Annotations:
D:2 Natasha, Sigmund


Message History

The orc hits you with a +0 short sword.
An orc comes into view. It is wielding a +0 hand axe.
The orc misses you. The orc closely misses you.
You hit the orc but do no damage.
The orc is moderately wounded.
The orc hits you with a +0 short sword. The orc hits you with a +0 trident.
The orc misses you.
You barely miss the orc. The orc hits you with a +0 short sword.
The orc hits you with a +0 trident. The orc closely misses you.
You barely miss the orc. The orc hits you but does no damage.
The orc closely misses you. The orc completely misses you.
You hit the orc.
The orc is heavily wounded.
The orc drinks a potion.
The orc goes berserk!
The orc hits you with a +0 trident.
The orc hits you with the +8 war axe of Contradiction {flame, Dex+7}.
The orc burns you. The orc closely misses you.
You hear a shout!
The orc barely misses you.
You hear an angry hiss.
The orc attacks as you move away! The orc hits you with a +0 short sword.
You hear an angry hiss.
The orc hits you with a +0 short sword.
You hit the orc.
The orc is moderately wounded.
The orc closely misses you. x2
You completely miss the orc.
The orc is moderately wounded.
The orc hits you with a +0 short sword. x2
The orc hits you from afar with a +0 trident.
* * * LOW HITPOINT WARNING * * *
You closely miss the orc.
The orc is moderately wounded.
The orc hits you with a +0 short sword.
* * * LOW HITPOINT WARNING * * *
The orc hits you from afar with a +0 trident!
* * * LOW HITPOINT WARNING * * *
The orc hits you with a +0 short sword!
You die...

#.###...##.# #.######
#..........# #.#
##.........# #.#
#..........# #.##########
#..........# #.##........
#.###...##)#####.##.#######
#. #.....)..†...##)### #
#.................##
####.#@####........# #.#o#
#######..# #####.#.# #..#
##.....#o# #..#
.......#o### #..#
...........# #..#
##.....###.# #..# #..... .#
#..# #####. . #..


You could see 3 orcs.

Vanquished Creatures
  2 adders (D:3)
  A worm (D:3)
  5 orcs (D:3)
  5 endoplasms
  3 giant cockroaches
  4 goblins
  7 hobgoblins
  3 jackals (D:1)
  4 kobolds (D:1)
  4 quokkas (D:1)
  5 bats
  2 frilled lizards (D:1)
  6 rats
51 creatures vanquished.

Vanquished Creatures (others)
  2 plants (D:1)
2 creatures vanquished.

Grand Total: 53 creatures vanquished

Notes
Turn   | Place    | Note
-------+----------+-------------------------------------------
     0 | D:1      | avis the Hill Orc Monk began the quest for the Orb.
     0 | D:1      | Reached XP level 1. HP: 19/19 MP: 1/1
    44 | D:1      | Reached skill level 4 in Fighting
   357 | D:1      | Reached XP level 2. HP: 14/27 MP: 2/2
   870 | D:1      | Reached skill level 5 in Fighting
   870 | D:1      | Reached XP level 3. HP: 30/36 MP: 3/3
  1078 | D:1      | Found a faded altar of an unknown god.
  1704 | D:2      | Noticed Sigmund
  1770 | D:2      | Noticed Natasha
  1867 | D:3      | Found an ancient bone altar of Kikubaaqudgha.
  2116 | D:2      | Reached XP level 4. HP: 41/42 MP: 4/4
  2413 | D:3      | Identified the +8 war axe of Contradiction {flame, Dex+7}
  2432 | D:3      | HP: 2/42 [orc/+0 trident (8)]
  2433 | D:3      | Slain by an orc

Illustrated notes

Levels and vault maps discovered:
D:1:      lightli_arrival_statue_moat, layout_basic, serial_bayou,
          serial_bayou_shore_a, serial_bayou_pond_b, serial_bayou_pond_b,
          serial_bayou_crossing, hellmonk_ecumenical_altar_crossroads
D:2:      layout_rooms, basic_altar, uniq_sigmund, uniq_natasha
D:3:      layout_loops_ring, mainiacjoe_overflow_catwalk, minmay_misc_feat_five

Skill      XL: |  1  2  3  4 |
---------------+-------------+-----
Fighting       | 4 5 |  5.0
Unarmed Combat | 4 |  4.0
Dodging        | 3 |  3.0
Stealth        | |  1.5

Action                   |  1- 3 |  4- 6 || total
-------------------------+-------+-------++-------
Melee: Unarmed           |    93 |       ||    93
       Dagger            |    43 |    47 ||    90
       Punch             |     3 |       ||     3
 Stab: Sleeping          |     3 |       ||     3
       Distracted        |       |     1 ||     1
Armor: Robe              |    28 |       ||    28
       Leather armour    |       |     2 ||     2
Dodge: Dodged            |    81 |    29 ||   110

Table legend: (Time is in decaauts)
 A = Elapsed time spent in this place.
 B = Non-inter-level travel time spent in this place.
 C = Inter-level travel time spent in this place.
 D = Time resting spent in this place.
 E = Time spent auto-exploring this place.
 F = Levels seen in this place.
 G = Mean time per level.
                   A        B        C        D        E       F      G
               +--------+--------+--------+--------+--------+-----+--------+
         Total |   2442 |   2379 |     63 |    775 |   1054 |   3 |  814.0 |
       Dungeon |   2442 |   2379 |     63 |    775 |   1054 |   3 |  814.0 |
               +--------+--------+--------+--------+--------+-----+--------+

Top non-repeatable levels by time:
     D:1: 1745 daAuts
     D:3: 623 daAuts
     D:2: 73 daAuts
